 Dungeon Crawl Stone Soup version 0.27-a0-520-gb83adbd1c9 (webtiles) character file.

Game seed: 13123815545253607599

137 Morbidden the Sneak (level 5, -3/39 HPs)
             Began as a Demonspawn Brigand on Mar 4, 2021.
             Killed from afar by an orc wizard (6 damage)
             ... with a magic dart
             ... on level 3 of the Dungeon.
             The game lasted 00:05:13 (3942 turns).

Morbidden the Sneak (Demonspawn Brigand)            Turns: 3942, Time: 00:05:13

Health: -3/39      AC:  3    Str: 11    XL:     5   Next: 0%
Magic:  5/5        EV: 12    Int: 14    God:
Gold:   171        SH:  0    Dex: 16    Spells: 4/4 levels left

rFire    . . .     SeeInvis .     - Unarmed
rCold    . . .     Faith    .   (no shield)
rNeg     . . .     Spirit   .   b - +0 robe
rPois    .         Reflect  .   (no helmet)
rElec    .         Harm     .   c - +0 cloak
rCorr    .         Rampage  .   (no gloves)
Will     .....                  (no boots)
Stlth    ++........             (no amulet)
HPRegen  0.13/turn              (no ring)
MPRegen  0.09/turn              (no ring)

@: confused, flying
A: claws 1, thin skeletal structure 1
a: no special abilities


You were on level 3 of the Dungeon.
You visited 1 branch of the dungeon, and saw 3 of its levels.

You collected 171 gold pieces.

Inventory:

Hand Weapons
 l - a +0 hunting sling
Missiles
 d - 22 poisoned darts (quivered)
 e - 2 curare-tipped darts
 m - 3 boomerangs
Armour
 b - a +0 robe (worn)
 c - a +0 cloak (worn)
Scrolls
 a - a scroll of enchant armour {unknown}
 f - 2 scrolls of teleportation {unknown}
 g - 3 scrolls of identify {unknown}
 i - a scroll of magic mapping {unknown}
 k - a scroll of blinking {unknown}


   Skills:
 * Level 2.7 Fighting
 - Level 2.2 Short Blades
 + Level 2.4 Throwing
 + Level 1.8 Dodging
 + Level 4.5 Stealth
 * Level 1.0 Unarmed Combat


You had 4 spell levels left.
You didn't know any spells.
Your spell library was empty.

Dungeon Overview and Level Annotations

Branches:
Dungeon (3/15)

Altars:
Ashenzari
Okawaru


Innate Abilities, Weirdness & Mutations

You have sharp fingernails.
You have a somewhat thin skeletal structure. (Dex +2, Stealth)


Message History

The orc wizard casts a spell at you.
You are more confused.
Unknown command.
You scratch the orc wizard but do no damage.
The orc wizard is heavily wounded.
The orc wizard closely misses you.
Unknown command.
You scratch the orc wizard but do no damage.
The orc wizard is heavily wounded.
The orc wizard hits you with a +0 dagger.
Unknown command.
You bump into the rock wall.
The orc wizard hits you with a +0 dagger.
* * * LOW HITPOINT WARNING * * *
Unknown command.
You're too confused to move!
The orc wizard hits you with a +0 dagger.
* * * LOW HITPOINT WARNING * * *
Unknown command.
You aren't carrying any potions.
Unknown command.
You are too confused!
Unknown command.
You bump into the rock wall.
The orc wizard hits you with a +0 dagger.
* * * LOW HITPOINT WARNING * * *
Unknown command.
The orc wizard gestures at you while chanting.
You are more confused.
Unknown command.
The orc wizard hits you but does no damage.
You hear some strange, mumbled words.
A puff of flame appears from out of thin air!
The puff of flame hits you.
* * * LOW HITPOINT WARNING * * *
Unknown command.
There is a stone staircase leading up here.
The orc wizard points at you and mumbles some strange words.
The magic dart hits you.
You die...

#### ...##### ##.....########
## #####........########....
#######...........#
##.##....##### ##.(##....##
#..#.#o#...##########
#######.##...@............#.
...........(.......[>..........
...........##..................
..........#..(......(((.......
##.....##....#.......(..?(..( .
#.###...............((.(.(.. ##
. (##...#.##...(.......... .
#..............)......(..
####.#.#..........<......


You could see an orc wizard.

Vanquished Creatures
  5 adders
  A shadow imp (D:3)
  A worm (D:2)
  3 dart slugs
  2 orcs (D:3)
  4 giant cockroaches
  9 goblins
  7 hobgoblins
  6 jackals (D:1)
  2 quokkas (D:2)
  8 bats
  5 frilled lizards
  9 kobolds
  9 rats
71 creatures vanquished.

Notes
Turn   | Place    | Note
-------+----------+-------------------------------------------
     0 | D:1      | Morbidden the Demonspawn Brigand began the quest for the
                  | Orb.
     0 | D:1      | Reached XP level 1. HP: 16/16 MP: 1/1
   294 | D:1      | Reached skill level 4 in Stealth
   311 | D:1      | Gained mutation: You have a somewhat thin skeletal
                  | structure. (Dex +2, Stealth) [demonic ancestry]
   311 | D:1      | Reached XP level 2. HP: 22/22 MP: 2/2
   478 | D:1      | Reached skill level 1 in Dodging
   665 | D:1      | Reached XP level 3. HP: 11/28 MP: 3/3
   953 | D:1      | Found a broken altar of Ashenzari.
  2089 | D:2      | Gained mutation: You have sharp fingernails. [demonic
                  | ancestry]
  2089 | D:2      | Reached XP level 4. HP: 27/34 MP: 4/4
  2966 | D:2      | Found a faded altar of an unknown god.
  3057 | D:3      | Found an iron altar of Okawaru.
  3846 | D:3      | Reached skill level 1 in Unarmed Combat
  3846 | D:3      | Reached XP level 5. HP: 37/39 MP: 5/5
  3909 | D:3      | HP: 1/39 [something/puff of flame (11)]
  3942 | D:3      | Killed from afar by an orc wizard

Illustrated notes

Levels and vault maps discovered:
D:1:      enne_arrival_octagon_isle, layout_rooms, nicolae_ashenzari_panopticon
D:2:      layout_rooms, chequers_ecumenical_altar_lobes,
          chequers_serial_rivers_micro_c
D:3:      layout_rooms, grunt_qazlal_sundering, lemuel_crystal_altar

Skill      XL: |  1  2  3  4 |
---------------+-------------+-----
Stealth        | 4 |  4.5
Dodging        | 1 |  1.8
Short Blades   | 2 |  2.2
Throwing       | 2 |  2.4
Unarmed Combat | 1 |  1.0
Fighting       | |  2.7

Action                   |  1- 3 |  4- 6 || total
-------------------------+-------+-------++-------
Melee: Dagger            |   138 |       ||   138
       Unarmed           |       |    76 ||    76
Throw: Dart              |    20 |    66 ||    86
  Use: Potion            |     1 |     2 ||     3
 Stab: Sleeping          |     8 |     1 ||     9
       Distracted        |       |     1 ||     1
Armor: Robe              |    45 |    12 ||    57
Dodge: Dodged            |   100 |    69 ||   169

Table legend: (Time is in decaauts)
 A = Elapsed time spent in this place.
 B = Non-inter-level travel time spent in this place.
 C = Inter-level travel time spent in this place.
 D = Time resting spent in this place.
 E = Time spent auto-exploring this place.
 F = Levels seen in this place.
 G = Mean time per level.
                   A        B        C        D        E       F      G
               +--------+--------+--------+--------+--------+-----+--------+
         Total |   3921 |   3761 |    160 |   1721 |   1359 |   3 | 1307.0 |
       Dungeon |   3921 |   3761 |    160 |   1721 |   1359 |   3 | 1307.0 |
               +--------+--------+--------+--------+--------+-----+--------+

Top non-repeatable levels by time:
     D:2: 1869 daAuts
     D:1: 1529 daAuts
     D:3: 522 daAuts
